Description

PiG's B2GM 2023 build guide

VOD

https://www.youtube.com/watch?v=XlCGB3D8uqA&t=7403s

Replay - PiG (Pig b2gm D2 ZvT game7 apr2023

Build Order

Get SALT Encoding   

  12  0:01  Drone  
  13  0:13  Overlord  
  13  0:19  Drone  
  14  0:31  Drone x2  
  16  0:38  Drone  
  17  0:53  Hatchery  
  17  0:56  Drone x2  
  18  1:12  Extractor  
  18  1:15  Spawning Pool  
  18  1:18  Drone x2  
  18  1:30  Drone  
  19  1:45  Overlord  
  20  2:04  Queen x2  
  20  2:06  Zergling x4  
  27  2:17  Metabolic Boost  
  32  2:46  Hatchery  
  32  2:50  Queen  
  33  2:56  Overlord  
  36  3:18  Overlord  
  43  3:24  Overlord  
  43  3:46  Zergling x12  
  49  4:01  Extractor  
  49  4:02  Baneling Nest  
  51  4:04  Queen x2  
  59  4:34  Spine Crawler  
  58  4:40  Queen x3  
  64  4:49  Zergling x4  
  67  5:15  Queen  
  63  5:40  Evolution Chamber x2, Lair  
  61  5:43  Hatchery  
  61  5:49  Hatchery  
  68  6:09  Roach Warren  
  68  6:10  Zerg Melee Weapons Level 1  
  68  6:11  Zerg Missile Weapons Level 1  
  76  6:28  Extractor x2  
  76  6:40  Centrifugal Hooks  
  82  6:50  Extractor x2  
  104  7:31  Hatchery x2  
  102  7:43  Roach x10  
  122  7:55  Glial Reconstitution  
  122  8:09  Ravager x10  
  132  8:14  Baneling x10  
Spawning Tool Build Advisor. Get it on Overwolf

Go to:

Details

  • Created by: Nimruzir
  • Published on: Jun 20, 2023
  • Modified on: Jun 20, 2023
  • Patch: 5.0.11
  • Difficulty: Easy
Show
View Real Time Build Order
Export as new Build Order

Comments (0)

There are no comments. Be the first!

Create an account to comment!